 Dungeon Crawl Stone Soup version 0.18.1-50-g88ac8fd (webtiles) character file.

18 Peloso the Skirmisher (level 2, 0/26 HPs)
             Began as a Ghoul Fighter on Oct 27, 2016.
             Slain by a hobgoblin
             ... wielding a +0 club
              (3 damage)
             ... on level 1 of the Dungeon.
             The game lasted 00:02:19 (473 turns).

Peloso the Skirmisher (Ghoul Fighter)                Turns: 473, Time: 00:02:20

Health: 0/26       AC:  6    Str: 19    XL:     2   Next: 66%
Magic:  1/1        EV:  7    Int:  3    God:
Gold:   52         SH:  8    Dex:  8    Spells: 0 memorised, 1 level left

rFire  . . .     SeeInvis .     a - +0 long sword
rCold  + . .     Gourm    .     b - +0 scale mail
rNeg   + + +     Faith    .     c - +0 shield
rPois  ∞         Spirit   .     (no helmet)
rElec  .         Dismiss  .     (no cloak)
rCorr  .         Reflect  .     (no gloves)
SustAt .         Harm     .     (no boots)
MR     .....                    n - amulet of inaccuracy (curse)
Stlth  ..........               (no ring)
                                h - ring of loudness (curse)

@: rotting, not resistant to hostile enchantments, extremely unstealthy
A: rotting body, claws 1, carnivore 3, cold resistance 1, negative energy
resistance 3, slow regeneration 1, torment resistance, unbreathing
a: no special abilities


You were on level 1 of the Dungeon.
You were not hungry.

You visited 1 branch of the dungeon, and saw 1 of its levels.

You collected 52 gold pieces.

Inventory:

Hand Weapons
 a - a +0 long sword (weapon)
 m - a +3 short sword
Armour
 b - a +0 scale mail (worn)
 c - a +0 shield (worn)
Jewellery
 h - a cursed ring of loudness (left claw)
 n - a cursed amulet of inaccuracy (around neck)
Potions
 d - a potion of might
 e - a potion of flight
 g - a potion of cancellation
 i - a potion of brilliance {unknown}
 l - a potion of cure mutation {unknown}
Comestibles
 f - a meat ration
 j - 2 chunks of flesh


   Skills:
 + Level 3.5 Fighting
 + Level 1.8 Long Blades
 + Level 2.8 Armour
 + Level 0.5 Dodging
 + Level 3.0 Shields


You had one spell level left.
You didn't know any spells.

Dungeon Overview and Level Annotations

Branches:
Dungeon (1/15)

Altars:


Innate Abilities, Weirdness & Mutations

Your body is rotting away.
You thrive on raw meat.
You are immune to poison.
You have sharp fingernails.
You are carnivorous and can eat meat at any time.
Your flesh is cold resistant.
You are immune to negative energy.
You regenerate slowly when monsters are visible.
You are immune to unholy pain and torment.
You can survive without breathing.


Message History

The kobold hits you.
You closely miss the hobgoblin.
The hobgoblin is moderately wounded.
The hobgoblin hits you but does no damage.
The kobold barely misses you. You block the hobgoblin's attack.
You barely miss the hobgoblin.
The hobgoblin is moderately wounded.
The kobold hits you but does no damage. The hobgoblin hits you with a club.
* * * LOW HITPOINT WARNING * * *
You block the kobold's attack.
You closely miss the hobgoblin.
The hobgoblin is moderately wounded.
The hobgoblin hits you with a club.
* * * LOW HITPOINT WARNING * * *
The kobold hits you but does no damage.
You miss the hobgoblin.
The hobgoblin is moderately wounded.
The hobgoblin completely misses you. The kobold barely misses you.
The hobgoblin hits you with a club.
You die...

# #....... #. #.......
#. #....... #####.###
#####.......
........#####...........
.g..........).........>.
....#.#.##.##....######.
# .. #g##.##....# #. #.
#@##.##....# ## ..
#K##.####### # ## #.##..
# ...+.. # ## ##..#.. #
# #.. ...#### # #.# #...
# #########.### #.#.
............ #.#.#


You could see a hobgoblin and a kobold.

Vanquished Creatures
  A dart slug (D:1)
  3 bats (D:1)
  2 hobgoblins (D:1)
  3 giant newts (D:1)
  2 goblins (D:1)
  3 kobolds (D:1)
  3 rats (D:1)
17 creatures vanquished.

Notes
Turn   | Place    | Note
--------------------------------------------------------------
     0 | D:1      | Peloso the Ghoul Fighter began the quest for the Orb.
     0 | D:1      | Reached XP level 1. HP: 19/19 MP: 0/0
    96 | D:1      | Reached XP level 2. HP: 12/26 MP: 1/1
   473 | D:1      | Slain by a hobgoblin

Skill      XL: |  1  2 |
---------------+-------+-----
Shields        | 3 |  3.0
Fighting       | |  3.5
Long Blades    | |  1.8
Armour         | |  2.8
Dodging        | |  0.5

Action                   || total
-------------------------++-------
Melee: Long sword        ||   115
  Use: Scroll            ||     5
  Eat: Chunk             ||     4
Armor: Scale mail        ||    88
Dodge: Dodged            ||    61
Block: Shield            ||    88
